 Dungeon Crawl Stone Soup version 0.27.1-33-g824d729ab1 (webtiles) character file.

Game seed: 2439333949509166391

18 Descartes the Skirmisher (level 2, -1/16 HPs)
             Began as a Felid Wanderer on Nov 25, 2021.
             Slain by a kobold (4 damage)
             ... on level 1 of the Dungeon.
             The game lasted 00:01:21 (1824 turns).

Descartes the Skirmisher (Felid Wanderer)           Turns: 1824, Time: 00:01:21

Health: -1/16      AC:  1    Str:  9    XL:     2   Next: 51%
Magic:  3/3        EV: 17    Int:  9    God:
Gold:   28         SH:  0    Dex: 18    Spells: 1/1 levels left
                                        Lives:  0   Deaths: 0

rFire    . . .     SeeInvis +     - Unarmed
rCold    . . .     Faith    .   (shield unavailable)
rNeg     . . .     Spirit   .   (armour unavailable)
rPois    .         Reflect  .   (helmet unavailable)
rElec    .         Harm     .   (cloak unavailable)
rCorr    .         Rampage  .   (gloves unavailable)
Will     .....                  (boots unavailable)
Stlth    ++........             (no amulet)
HPRegen  0.05/turn              (no ring)
MPRegen  0.08/turn              (no ring)

@: quick
A: very small, claws 1, fangs 3, see invisible, speed 1, shaggy fur 1, stealthy
paws, no weapons or thrown items, no armour, multi-lived
a: no special abilities


You were on level 1 of the Dungeon.
You visited 1 branch of the dungeon, and saw 1 of its levels.

You collected 28 gold pieces.

Inventory:

Missiles
 e - 14 stones
Jewellery
 h - a +4 ring of protection
Scrolls
 c - a scroll of teleportation {unknown}
 f - a scroll of identify {unknown}
Potions
 a - 2 potions of berserk rage
 b - 2 potions of lignification
 d - a potion of invisibility {unknown}
 g - a potion of resistance {unknown}
 i - a potion of curing {unknown}


   Skills:
 - Level 5.0 Fighting
 * Level 2.4 Dodging
 - Level 1.3 Stealth
 + Level 2.4 Unarmed Combat
 - Level 2.1 Evocations


You had one spell level left.
You didn't know any spells.
Your spell library was empty.

Dungeon Overview and Level Annotations

Branches:
Dungeon (1/15)

Altars:

Shops:
D:1 *


Innate Abilities, Weirdness & Mutations

You have sharp claws.
You have razor-sharp teeth.
You have supernaturally acute eyesight. (SInv)
You cover ground quickly. (Speed+)
You are covered in fur. (AC +1)
Your paws help you pounce on unaware monsters.
You are incapable of wielding weapons or throwing items.
You cannot wear armour.
You gain extra lives every three experience levels.


Message History

You kill the rat!
No target in view!
No target in view!
No target in view!
No target in view!
No target in view!
No target in view!
No target in view!
No target in view!
You see here a rat corpse.
You see here a rat corpse.
There is an open door here.
A kobold comes into view. It is wielding a +0 short sword.
The kobold shouts!
The kobold hits you but does no damage.
You barely miss the kobold.
The kobold hits you with a +0 short sword.
You barely miss the kobold. The kobold barely misses you.
You closely miss the kobold.
The kobold hits you with a +0 short sword.
You are too injured to fight recklessly!
You are too injured to fight recklessly!
You are too injured to fight recklessly!
You are too injured to fight recklessly!
You are too injured to fight recklessly!
You are too injured to fight recklessly!
You are too injured to fight recklessly!
You are too injured to fight recklessly!
A kobold is nearby!
You scratch the kobold.
The kobold is severely wounded.
The kobold hits you with a +0 short sword.
* * * LOW HITPOINT WARNING * * *
You closely miss the kobold.
The kobold is severely wounded.
The kobold barely misses you.
You miss the kobold.
The kobold is severely wounded.
The kobold hits you with a +0 short sword.
You die...

############# #...........# #
#.#########.# #####.#.##### #.#
............#####.# #
......#.#.......#.# #
......#.#.#.###.#.# ####### .....
#.#.#@# #.#.# #...... ##.#.
#.#.#K# #.#.# #.##### #.# #.#.#.#
#.#.# #.##.#. # #.#.#.#
#.#.####.##.#. #.#.#.#
#...........#.
....###.######.##.#' #######
..#...>..........##... ......#
#..#..............##...
#####.#+###..####.##.####...##...


You could see a kobold.

Vanquished Creatures
  A ball python (D:1)
  A bat (D:1)
  An endoplasm (D:1)
  2 goblins (D:1)
  3 hobgoblins (D:1)
  2 quokkas (D:1)
  A frilled lizard (D:1)
  3 kobolds (D:1)
  A rat (D:1)
15 creatures vanquished.

Notes
Turn   | Place    | Note
-------+----------+-------------------------------------------
     0 | D:1      | Descartes the Felid Wanderer began the quest for the Orb.
     0 | D:1      | Descartes set off with the following items: 2 potions of
                  | berserk rage, 2 potions of lignification
     0 | D:1      | Reached XP level 1. HP: 12/12 MP: 2/2
   281 | D:1      | Reached skill level 1 in Dodging
   628 | D:1      | Reached XP level 2. HP: 7/16 MP: 3/3
   847 | D:1      | Found Laotiway's Assorted Antiques.
  1824 | D:1      | Slain by a kobold

Illustrated notes

Levels and vault maps discovered:
D:1:      nagdon_arrival_double_spiral, layout_basic, serial_shops,
          nicolae_shop_window_shopping

Skill      XL: |  1  2 |
---------------+-------+-----
Dodging        | 1 2 |  2.4
Fighting       | |  5.0
Stealth        | |  1.3
Unarmed Combat | |  2.4
Evocations     | |  2.1

Action                   || total
-------------------------++-------
Melee: Unarmed           ||    72
       Bite              ||     5
 Stab: Sleeping          ||     2
Armor: Skin              ||     7
Dodge: Dodged            ||    55
